 Dungeon Crawl Stone Soup version 0.30.1-4-g462c640d31 (webtiles) character file.

Game seed: 11105712038067091785

123 Sanktem7 the Shield-Bearer (level 4, -2/41 HPs)
             Began as a Minotaur Fighter on Aug 22, 2023.
             Succumbed to a killer bee's poison
             ... on level 4 of the Dungeon.
             The game lasted 00:03:10 (1746 turns).

Sanktem7 the Shield-Bearer (Minotaur Fighter)       Turns: 1746, Time: 00:03:11

Health: -2/41      AC: 10    Str: 22    XL:     4   Next: 79%
Magic:  3/3        EV:  8    Int:  5    God:
Gold:   157        SH:  4    Dex: 10    Spells: 3/3 levels left

rFire   . . .        a - +0 war axe {axe}
rCold   . . .        c - +0 buckler
rNeg    . . .        s - +0 chain mail
rPois   .            (helmet restricted)
rElec   .            (no cloak)
rCorr   +            b - +0 pair of gloves
SInv    .            (no boots)
Will    .....        (no amulet) Stlth
                     v - ring of resist corrosion
HPRegen 0.26/turn    (no ring)
MPRegen 0.08/turn

%: no passive effects
@: brilliant, lethally poisoned (-2 -> -18)
A: horns 2, retaliatory headbutt
a: no special abilities


You were on level 4 of the Dungeon.
You visited 1 branch of the dungeon, and saw 4 of its levels.

You collected 157 gold pieces.


Innate Abilities, Weirdness & Mutations

You have a pair of horns on your head.
You reflexively headbutt those who attack you in melee.


   Skills:
 + Level 4.4 Fighting
 * Level 4.2 Axes
 + Level 4.4 Armour
 + Level 4.4 Shields


You had 3 spell levels left.
You didn't know any spells.
Your spell library contained the following spells:

 Spells                   Type           Power      Damage    Failure   Level
 Magic Dart               Conj           0%         1d3       99%         1
 Summon Small Mammal      Summ           0%         N/A       99%         1
 Searing Ray              Conj           0%         2d4       99%         2
 Call Canine Familiar     Summ           0%         N/A       100%        3
 Stone Arrow              Conj/Erth      0%         3d7       100%        3
 Summon Guardian Golem    Hex/Summ       0%         N/A       100%        3
 Animate Armour           Summ/Erth      0%         N/A       100%        4
 Fulminant Prism          Conj/Hex       0%         3d5       100%        4
 Lehudib's Crystal Spear  Conj/Erth      0%         10d2      100%        8

Inventory:

Hand Weapons
 a - a +0 war axe (weapon) {axe}
 f - a +1 short sword of holy wrath {short}
   (You took it off a kobold on level 3 of the Dungeon)
Missiles
 e - 51 stones (quivered) {throwing}
 n - 9 poisoned darts {throwing}
 y - 4 boomerangs {throwing}
Armour
 b - a +0 pair of gloves (worn)
   (You found it on level 3 of the Dungeon)
 c - a +0 buckler (worn)
 s - a +0 chain mail (worn)
   (You found it on level 3 of the Dungeon)
Jewellery
 v - a ring of resist corrosion (left hand)
   (You found it on level 3 of the Dungeon)
Scrolls
 h - a scroll of poison {unknown}
 k - 2 scrolls of magic mapping {unknown}
 l - a scroll of identify {unknown}
 o - a scroll of torment {unknown}
 r - a scroll of summoning {unknown}
 w - a scroll of noise {unknown}
 x - 2 scrolls of teleportation {unknown}
Potions
 d - a potion of might
 g - a potion of ambrosia {unknown}
 i - a potion of heal wounds {unknown}
 j - a potion of resistance {unknown}
 m - 3 potions of brilliance
 p - 3 potions of curing {unknown}
 q - a potion of invisibility {unknown}
 t - a potion of flight {unknown}
 u - a potion of attraction {unknown}

Dungeon Overview and Level Annotations

Branches:
Dungeon (4/15) Zot: 22214
 Temple: D:4-7

Altars:
Sif Muna

#................
..####.#...............
#......#...............
#.................#... .
##.................#..#
..#......................
#?.......................
#......y........)......[.
.......y@................
#)....yy###.....#.......
#......###.....^#.......
#.....#####.....#.......
....... #.......#.<.....
.................<##.....
.......#...............##
.....###.............###
...## #.....######.##


You could see 4 killer bees.


Message History

You closely miss the kobold.
The kobold hits you with a +0 dagger. 😕 HP[-3]
You take 3 damage, and now have 38/41 hp.
You closely miss the kobold. Your headbutt misses the kobold.
The kobold barely misses you. x2 😕 HP[+1]
You closely miss the kobold. The kobold hits you but does no damage.
You hit the kobold.
You kill the kobold!
No target in view!
Found a stone staircase leading up. 😎 HP[+2]
Your hp is fully restored (41).
Found a shimmering blue altar of Sif Muna.
e - 51 stones {throwing} (gained 7)
You see here a +0 buckler.
y - 4 boomerangs {throwing}
There is a stone staircase leading up here.
A killer bee comes into view.
The killer bee buzzes angrily.
You hear an angry buzzing noise.
A killer bee comes into view.
The killer bee moves out of view.
A killer bee is nearby!
A killer bee is nearby! 2 killer bees come into view.
The killer bee buzzes angrily. x3
The killer bee stings you.
The killer bee stings you but does no damage. 😕 HP[-1]
You take 1 damage, and now have 40/41 hp.
You barely miss the killer bee. x2; You hit the killer bee.
The killer bee stings you but does no damage.
The killer bee barely misses you. The killer bee stings you!
You block the killer bee's attack. The killer bee barely misses you.
The killer bee stings you. You block the killer bee's attack.
The killer bee completely misses you.
The killer bee stings you but does no damage. 😕 HP[-9]
You take 9 damage, and now have 31/41 hp.
MASSIVE DAMAGE!! (PAUSE) Unknown command.
You barely miss the killer bee.
You hit the killer bee but do no damage.
You closely miss the killer bee. You block the killer bee's attack. x2
The killer bee barely misses you. The killer bee stings you. x2
The killer bee closely misses you.
The killer bee stings you but does no damage. 😮 HP[-4]
You take 4 damage, and now have 27/41 hp.
You completely miss the killer bee. Your headbutt misses the killer bee.
You closely miss the killer bee. You completely miss the killer bee.
You miss the killer bee. The killer bee stings you.
You are poisoned.
The killer bee poisons you! The killer bee stings you. x2
* * * LOW HITPOINT WARNING * * *
The killer bee barely misses you.
The killer bee stings you but does no damage.
The killer bee closely misses you. You furiously retaliate!
You headbutt the killer bee, but do no damage.
The killer bee stings you but does no damage. x3
You block the killer bee's attack. The killer bee stings you.
* * * LOW HITPOINT WARNING * * *
The killer bee stings you but does no damage. 😨 HP[-12]
You take 12 damage, and now have 15/41 hp.
MASSIVE DAMAGE!! (PAUSE)
You barely miss the killer bee. You headbutt the killer bee.
You completely miss the killer bee. You miss the killer bee.
You closely miss the killer bee.
You feel very sick. The killer bee closely misses you.
You block the killer bee's attack. x2
The killer bee barely misses you.
The killer bee stings you but does no damage.
The killer bee stings you.
* * * LOW HITPOINT WARNING * * *
The killer bee closely misses you. The killer bee stings you.
* * * LOW HITPOINT WARNING * * *
The killer bee stings you.
* * * LOW HITPOINT WARNING * * *
You are lethally poisoned!
The killer bee poisons you!
The killer bee stings you but does no damage. x3 😱 HP[-8]
You take 8 damage, and now have 7/41 hp.
The killer bee attacks as you move away!
The killer bee closely misses you.
* * * LOW HITPOINT WARNING * * *
You feel very sick. You block the killer bee's attack.
The killer bee closely misses you. The killer bee stings you.
* * * LOW HITPOINT WARNING * * *
You are more poisoned.
The killer bee poisons you!
The killer bee stings you but does no damage. 😱 HP[-5]
You take 5 damage, and now have 2/41 hp.
Okay, then.
It was a potion of brilliance.
You feel clever all of a sudden.
You die...

Skill      XL: |  1  2  3  4 |
---------------+-------------+-----
Axes           | 3 4 |  4.2
Fighting       | 4 |  4.4
Armour         | 4 |  4.4
Shields        | 4 |  4.4

Action                     |  1- 3 |  4- 6 || total
---------------------------+-------+-------++-------
  Melee: War axe           |    78 |    30 ||   108
         Headbutt          |     7 |     2 ||     9
    Use: Potion            |       |     1 ||     1
 Armour: Scale mail        |    31 |       ||    31
         Chain mail        |    11 |    26 ||    37
  Dodge: Dodged            |    27 |    27 ||    54
  Block: Buckler           |    21 |    10 ||    31

Levels and vault maps discovered:
D:1:      ncdulo_watergridlock, layout_rooms
D:2:      layout_basic
D:3:      layout_rooms, st_stairs_8
D:4:      layout_cave_pools, nicolae_sif_muna_condensation

Notes
Turn   | Place    | Note
-------+----------+-------------------------------------------
     0 | D:1      | Sanktem7 the Minotaur Fighter began the quest for the Orb.
     0 | D:1      | Reached XP level 1. HP: 19/19 MP: 0/0
     0 | D:1      | magus.rc [v1.9.6]
    71 | D:1      | Reached XP level 2. HP: 27/27 MP: 1/1
   133 | D:1      | Reached skill level 3 in Axes
   679 | D:2      | Reached skill level 4 in Fighting
   679 | D:2      | Reached skill level 4 in Armour
   679 | D:2      | Reached skill level 4 in Shields
   679 | D:2      | Reached XP level 3. HP: 33/33 MP: 2/2
  1187 | D:3      | You pick up a book of Armaments and begin reading...
  1187 | D:3      | You add the spells Stone Arrow, Animate Armour and
                  | Lehudib's Crystal Spear to your library.
  1421 | D:3      | Reached XP level 4. HP: 40/40 MP: 3/3
  1477 | D:3      | You pick up a book of Callings and begin reading...
  1477 | D:3      | You add the spells Summon Small Mammal, Call Canine
                  | Familiar and Summon Guardian Golem to your library.
  1510 | D:3      | You pick up a book of Conjurations {@e2} and begin
                  | reading...
  1510 | D:3      | You add the spells Magic Dart, Searing Ray and Fulminant
                  | Prism to your library.
  1643 | D:4      | Reached skill level 4 in Axes
  1697 | D:4      | Found a shimmering blue altar of Sif Muna.
  1744 | D:4      | HP: 8/41 [killer bee (4)]
  1745 | D:4      | HP: 2/41 [killer bee (2)]
  1746 | D:4      | Succumbed to a killer bee's poison

Vanquished Creatures
  A hound (D:4)
  4 adders
  7 orcs (D:3)
  2 endoplasms
  3 giant cockroaches
  A hobgoblin (D:1)
  7 kobolds
  4 quokkas
  5 ball pythons
  5 bats
  2 frilled lizards
  7 goblins
  6 rats
54 creatures vanquished.

Table legend:
 A = Non-vault XP
 B = Vault XP
 C = Vault XP percentage of total XP
 D = Non-vault monster count
 E = Vault monster count
 F = Vault count percentage of total count
                 A         B        C        D         E       F
            +---------+---------+-------+---------+---------+-------
      Total |     171 |       5 |   2.8 |      52 |       2 |   3.7
            +---------+---------+-------+---------+---------+-------
        D:1 |      32 |       0 |   0.0 |      22 |       0 |   0.0
        D:2 |      21 |       0 |   0.0 |       7 |       0 |   0.0
        D:3 |      48 |       5 |   9.4 |      18 |       2 |  10.0
        D:4 |      70 |       0 |   0.0 |       5 |       0 |   0.0
            +---------+---------+-------+---------+---------+-------

Skill      XL: |  1  2  3  4 |
---------------+-------------+-----
Axes           | 3 4 |  4.2
Fighting       | 4 |  4.4
Armour         | 4 |  4.4
Shields        | 4 |  4.4

Action                     |  1- 3 |  4- 6 || total
---------------------------+-------+-------++-------
  Melee: War axe           |    78 |    30 ||   108
         Headbutt          |     7 |     2 ||     9
    Use: Potion            |       |     1 ||     1
 Armour: Scale mail        |    31 |       ||    31
         Chain mail        |    11 |    26 ||    37
  Dodge: Dodged            |    27 |    27 ||    54
  Block: Buckler           |    21 |    10 ||    31

Illustrated notes

Table legend:
 A = Kills in this place as a percentage of kills in the entire game.
 B = Kills by you in this place as a percentage of kills by you in the entire game.
 C = Kills by friends in this place as a percentage of kills by friends in the entire game.
 D = Other kills in this place as a percentage of other kills in the entire game.
 E = Experience gained in this place as a percentage of experience gained in the entire game.
 F = Experience gained in this place divided by the number of levels of this place that you have seen.
                   A       B       C       D       E      F
               +-------+-------+-------+-------+-------+----------------------
         Total | 100.0 | 100.0 |   N/A |   N/A | 100.0 |  44.0
       Dungeon | 100.0 | 100.0 |   N/A |   N/A | 100.0 |  44.0
               +-------+-------+-------+-------+-------+----------------------

Table legend: (Time is in decaauts)
 A = Elapsed time spent in this place.
 B = Non-inter-level travel time spent in this place.
 C = Inter-level travel time spent in this place.
 D = Time resting spent in this place.
 E = Time spent auto-exploring this place.
 F = Levels seen in this place.
 G = Mean time per level.
                   A        B        C        D        E       F      G
               +--------+--------+--------+--------+--------+-----+--------+
         Total |   1785 |   1714 |     71 |      0 |   1358 |   4 |  446.2 |
       Dungeon |   1785 |   1714 |     71 |      0 |   1358 |   4 |  446.2 |
               +--------+--------+--------+--------+--------+-----+--------+

Top non-repeatable levels by time:
     D:2: 666 daAuts
     D:3: 530 daAuts
     D:1: 475 daAuts
     D:4: 112 daAuts
